 Dungeon Crawl Stone Soup version 0.32-a0-675-gdc239d62e1 (webtiles) character file.

Game seed: 13757529186128372028

3630 pascalblue the Destroyer (level 9, -6/45 HPs)
             Began as a Deep Elf Earth Elementalist on Mar 11, 2024.
             Was a Believer of Sif Muna.
             Mangled by a vault guard
             ... wielding a +0 broad axe
              (13 damage)
             ... on level 8 of the Dungeon.
             The game lasted 00:29:24 (7691 turns).

pascalblue the Destroyer (DEEE)                     Turns: 7691, Time: 00:29:25

Health: -6/45      AC:  3    Str:  5    XL:     9   Next: 87%
Magic:  11/23      EV: 13    Int: 25    God:    Sif Muna [**....]
Gold:   315        SH:  0    Dex: 15    Spells: 7/24 levels left

rFire   . . .        w - staff of earth
rCold   . . .        (no shield)
rNeg    . . .        l - +1 robe {Will+}
rPois   .            (no helmet)
rElec   .            h - scarf {repulsion}
rCorr   .            (no gloves)
SInv    .            (no boots)
Will    +....        g - amulet of faith
Stlth   ++           (no ring)
HPRegen 0.27/turn    (no ring)
MPRegen 0.18/turn

%: repel missiles, faith
@: very slightly contaminated, hasted, very quick
A: no striking features
a: Renounce Religion, Channel Magic


You were on level 8 of the Dungeon.
You worshipped Sif Muna.
Sif Muna was pleased with you.
You visited 2 branches of the dungeon, and saw 9 of its levels.
You also visited: Bailey.

You collected 315 gold pieces.

Inventory:

Hand Weapons
 m - a +2 dagger of flaming
 o - a +4 mace of protection
Armour
 a - a +0 robe
 h - a scarf of repulsion (worn)
 l - a +1 robe of willpower (worn)
 y - the +2 pair of gloves of Divine Intervention {Harm Fly MP-9 Stlth+}
   (You found it on level 7 of the Dungeon)

   MP-9:      It affects your magic capacity (-9).
   Fly:       It grants you flight.
   Harm:      It increases damage dealt and taken.
   Stlth+:    It makes you more stealthy.
Magical Staves
 w - a staff of earth (weapon)
Jewellery
 g - an amulet of faith (around neck)
 x - an amulet of regeneration
Wands
 f - a wand of flame (20)
 i - a wand of mindburst (14)
 n - a wand of polymorph (7)
Scrolls
 e - 3 scrolls of revelation
 k - 2 scrolls of immolation
 p - a scroll of vulnerability
 v - a scroll of butterflies
 z - 2 scrolls of identify
Potions
 b - 2 potions of magic
 d - 2 potions of berserk rage
 j - a potion of enlightenment
 q - 3 potions of degeneration
 s - 2 potions of attraction
 u - 2 potions of might


   Skills:
 - Level 3.0 Dodging
 - Level 2.4 Stealth
 + Level 8.4 Spellcasting
 * Level 9.3 Conjurations
 - Level 2.0 Translocations
 + Level 9.0 Earth Magic
 * Level 5.8 Alchemy


You had 7 spell levels left.
You knew the following spells:

 Your Spells              Type           Power      Damage    Failure   Level
a - Sandblast             Erth           100%       2d20      1%          1
b - Searing Ray           Conj           100%       2d8       1%          2
c - Blink                 Tloc           40%        N/A       3%          2
d - Fulminant Prism       Conj/Alch      24%        3d12      2%          4
e - Stone Arrow           Conj/Erth      100%       3d13      1%          3
f - Magic Dart            Conj           100%       1d8       1%          1
g - Brom's Barrelling Bo  Conj/Erth      71%        2d8       1%          4

Your spell library contained the following spells:

 Spells                   Type           Power      Damage    Failure   Level
 Momentum Strike          Conj/Tloc      76%        3d10      1%          2
 Passwall                 Erth           70%        N/A       1%          3
 Petrify                  Alch/Erth      63%        N/A       2%          4
 Lesser Beckoning         Tloc           40%        N/A       3%          2
 Iskenderun's Mystic Bla  Conj/Tloc      38%        2d9       5%          4
 Irradiate                Conj/Alch      24%        3d19      7%          5
 Inner Flame              Hex/Fire       10%        N/A       17%         3
 Tukima's Dance           Hex            10%        N/A       17%         3
 Dimensional Bullseye     Hex/Tloc       7%         N/A       36%         4
 Ignition                 Fire           5%         3d4       100%        8


Dungeon Overview and Level Annotations

Branches:
Dungeon (8/15)             Temple (1/1) D:4          Bailey (visited)
   Lair: D:8-11

Altars:
Ashenzari
Dithmenos
Elyvilon
Fedhas
Gozag
Hepliaklqana
Makhleb
Nemelex Xobeh
Okawaru
Qazlal
Ru
Sif Muna
Trog
Uskayaw
Vehumet
Wu Jian
Xom
Yredelemnul
Zin
The Shining One

Shops:
D:7 !


Message History

Aiming: Brom's Barrelling Boulder (dangerous; 1% risk of failure)
Press: ? - help, Dir - move target, f/p - vault guard
Aim: a vault guard, wielding a +0 broad axe and wearing a +0 chain mail (ally target, 100% to hit)
You feel a surge of power!
You miscast Brom's Barrelling Boulder.
You are very lightly contaminated with residual magic.
Nothing appears to happen.
Your boulder slams into a wall and explodes!
Casting: Brom's Barrelling Boulder (dangerous; 1% risk of failure)
Confirm with . or Enter, or press ? or * to list all spells.
Okay, then.
Okay, then.
Okay, then.
Casting: Brom's Barrelling Boulder (dangerous; 1% risk of failure)
Confirm with . or Enter, or press ? or * to list all spells.
You blink.
Found three items.
The vault guard shouts!
The vault guard barely misses you.
There is a gate leading back out of this place here.
The vault guard hits you with a +0 broad axe!!
Welcome back to the Dungeon!
There is an empty arch of ancient stone here.
Okay, then.
You feel yourself speed up.
The vault guard hits you with a +0 broad axe!!
* * * LOW HITPOINT WARNING * * *
The vault guard attacks as it pursues you!
The vault guard closely misses you.
You see here a +0 hand axe.
Casting: Blink (safe; 3% risk of failure)
Confirm with . or Enter, or press ? or * to list all spells.
Aiming: Brom's Barrelling Boulder (dangerous; 1% risk of failure)
Press: ? - help, Dir - move target, f - vault guard
Aim: a vault guard, wielding a +0 broad axe and wearing a +0 chain mail (100% to hit)
You feel a surge of power!
You send a boulder barrelling forward!
You feel ready to blink again.
You see here a +0 arbalest.
You see here a +0 hand axe.
The vault guard attacks as it pursues you!
The vault guard hits you with a +0 broad axe!
You die...

.............#,,,,*,,,,,,*
............?#....#,,...,*
.............#....#,..).,*
.............#....#.....,*
.............+....#.....,*
.............#....#.....,*
.............#.........,,*
...............*...#******
#############..○@..#
,,,,,,,,,* #.)○p..#
,,,,,,,,,* #..°)..#
,,,,,,,,,* #......#
,,,,,,,,,* ########
*,**,*************
****,*,,,,,,,,,,,*********
,,,,,*,,,,,,,,,,,*,,,,,,,*
,,,,,+,,,,,,,,,,,*,,,,,,,*


You could see a vault guard (ally target) and a friendly boulder (rolling).

Vanquished Creatures
  Prince Ribbit (Bailey)
  3 yaks (D:8)
  3 humans (Bailey)
  A sky beast (D:6)
  3 ice beasts
  An ogre (D:4)
  A black bear (D:7)
  2 centaurs
  A phantom (D:5)
  2 scorpions
  10 bullfrogs
  5 wights (D:7)
  A howler monkey (D:6)
  A bombardier beetle (D:5)
  An orc priest (D:5)
  3 hounds
  5 iguanas
  Jessica (D:2)
  8 orc wizards
  Robin (D:2)
  5 gnolls
  8 adders
  2 white imps (D:6)
  4 ufetubi
  A ribbon worm (D:4)
  13 orcs
  8 endoplasms
  2 giant cockroaches (D:1)
  13 goblins
  8 hobgoblins
  3 jackals (D:2)
  2 quokkas (D:1)
  5 ball pythons
  8 bats
  3 frilled lizards
  4 kobolds
  5 rats
148 creatures vanquished.

Vanquished Creatures (others)
  A fulminant prism (D:7)
1 creature vanquished.

Grand Total: 149 creatures vanquished

Notes
Turn   | Place    | Note
-------+----------+-------------------------------------------
     0 | D:1      | pascalblue the Deep Elf Earth Elementalist began the quest
                  | for the Orb.
     0 | D:1      | Reached XP level 1. HP: 10/10 MP: 6/6
   212 | D:1      | Reached XP level 2. HP: 15/15 MP: 6/8
   842 | D:1      | Learned a level 2 spell: Searing Ray
   845 | D:1      | Learned a level 2 spell: Blink
   892 | D:2      | Reached XP level 3. HP: 19/19 MP: 6/9
   944 | D:2      | Noticed Robin
  1405 | D:2      | Reached skill level 1 in Translocations
  1533 | D:2      | Noticed Jessica
  1538 | D:2      | Killed Jessica
  1539 | D:2      | Reached XP level 4. HP: 24/24 MP: 6/11
  1981 | D:2      | Killed Robin
  2456 | D:3      | Found a faded altar of an unknown god.
  2505 | D:3      | Reached XP level 5. HP: 18/28 MP: 6/13
  2779 | D:3      | Learned a level 4 spell: Fulminant Prism
  2783 | D:3      | Learned a level 3 spell: Stone Arrow
  2815 | D:3      | You fall into a shaft and drop 1 floor!
  3623 | D:4      | Reached XP level 6. HP: 32/32 MP: 12/14
  3730 | D:4      | Reached skill level 5 in Earth Magic
  3730 | D:4      | Reached skill level 1 in Alchemy
  3916 | D:4      | Found a staircase to the Ecumenical Temple.
  3922 | Temple   | Entered the Ecumenical Temple
  3930 | Temple   | Became a worshipper of Sif Muna the Loreminder
  3971 | D:5      | Entered Level 5 of the Dungeon
  4036 | D:5      | Identified the +2 leather armour "Haarukk" {Rampage ^Drain
                  | +Blink Will+}
  4085 | D:5      | Reached skill level 5 in Spellcasting
  4087 | D:5      | Learned a level 1 spell: Magic Dart
  4208 | D:5      | Reached XP level 7. HP: 36/36 MP: 11/16
  4331 | D:5      | Reached skill level 5 in Conjurations
  5203 | D:6      | Reached XP level 8. HP: 34/41 MP: 9/19
  5292 | D:6      | Learned a level 4 spell: Brom's Barrelling Boulder
  5691 | D:6      | Reached * piety under Sif Muna
  6507 | D:7      | Found Yprietz's Distillery.
  6627 | D:7      | Reached XP level 9. HP: 45/45 MP: 4/21
  6763 | D:7      | Identified the +2 pair of gloves of Divine Intervention
                  | {Harm Fly MP-9 Stlth+}
  6952 | D:8      | Reached ** piety under Sif Muna
  7012 | D:8      | Found a hide-covered altar of Uskayaw.
  7021 | D:8      | Found a glowing silver altar of Zin.
  7021 | D:8      | Found a bloodstained altar of Trog.
  7040 | D:8      | Reached skill level 5 in Alchemy
  7195 | D:8      | Found a flagged portal.
  7206 | Bailey   | Entered a bailey
  7597 | Bailey   | Noticed Prince Ribbit
  7604 | Bailey   | Killed Prince Ribbit
  7659 | Bailey   | Noticed a vault guard
  7669 | Bailey   | Noticed a vault guard
  7691 | D:8      | Mangled by a vault guard

Illustrated notes

Levels and vault maps discovered:
D:1:      lightli_iron_boxes, layout_loops_cross, patterned_corridor
D:2:      layout_basic, minmay_misc_feat_diagonals, uniq_robin, uniq_jessica
D:3:      layout_basic, dreamdust_ecumenical_altar_hidden_monk_grotto,
          minmay_bisected
D:4:      layout_cave_pools, minmay_temple_entry_fiery
D:5:      layout_loops_ring
D:6:      layout_loops_ring
D:7:      layout_rooms, serial_shops, nicolae_shop_industrial_runoff
D:8:      layout_gridville, grunt_temple_overflow_open, enter_bailey_2
Temple:   sentei_temple_godly_chess

Skill      XL: |  1  2  3  4  5  6  7  8  9 |
---------------+----------------------------+-----
Dodging        | 3 |  3.0
Conjurations   | 2 3 4 6 7 9 |  9.3
Earth Magic    | 4 5 6 7 9 |  9.0
Translocations | 1 2 |  2.0
Spellcasting   | 4 5 6 7 8 |  8.4
Alchemy        | 2 3 4 5 |  5.8
Stealth        | |  2.4

Action                     |  1- 3 |  4- 6 |  7- 9 || total
---------------------------+-------+-------+-------++-------
  Melee: Mace              |       |    18 |     1 ||    19
         Unarmed           |       |     1 |       ||     1
         Staff             |       |       |     3 ||     3
   Cast: Sandblast         |    56 |    40 |     7 ||   103
         Searing Ray       |       |    14 |    49 ||    63
         Blink             |       |     1 |     2 ||     3
         Magic Dart        |       |     5 |    99 ||   104
         Brom's Barrelling |       |       |     4 ||     4
         Fulminant Prism   |       |       |     1 ||     1
         Stone Arrow       |       |       |     1 ||     1
    Use: Scroll            |     4 |     7 |     6 ||    17
         Potion            |       |     1 |     6 ||     7
 Armour: Robe              |     9 |    29 |    60 ||    98
         Skin              |       |     3 |       ||     3
  Dodge: Dodged            |    10 |    42 |    57 ||   109
         Repelled          |     1 |       |     5 ||     6

Table legend: (Time is in decaauts)
 A = Elapsed time spent in this place.
 B = Non-inter-level travel time spent in this place.
 C = Inter-level travel time spent in this place.
 D = Time resting spent in this place.
 E = Time spent auto-exploring this place.
 F = Levels seen in this place.
 G = Mean time per level.
                   A        B        C        D        E       F      G
               +--------+--------+--------+--------+--------+-----+--------+
         Total |   7747 |   7531 |    216 |    767 |   5390 |  10 |  774.7 |
       Dungeon |   7253 |   7037 |    216 |    534 |   5254 |   8 |  906.6 |
        Temple |     15 |     15 |      0 |      0 |      0 |   1 |   15.0 |
        Bailey |    478 |    478 |      0 |    233 |    136 |   1 |  478.0 |
               +--------+--------+--------+--------+--------+-----+--------+

Top non-repeatable levels by time:
     D:2: 1337 daAuts
     D:3: 1195 daAuts
     D:7: 1070 daAuts
     D:5: 1002 daAuts
     D:6: 885 daAuts
     D:1: 884 daAuts
     D:4: 591 daAuts
  Bailey: 478 daAuts
     D:8: 287 daAuts
  Temple: 15 daAuts
